 Dungeon Crawl Stone Soup version 0.31.0-4-g52a2dc7128 (webtiles) character file.

Game seed: 4496807746752917842

78333 runemasterragnar the Warrior (level 15, -1/142 HPs)
             Began as a Merfolk Gladiator on Jan 22, 2024.
             Was a Plaything of Xom.
             Collided with a translucent rock wall (4 damage)
             ... after being knocked back by a deep elf knight
             ... on level 1 of the Elven Halls.
             The game lasted 00:47:11 (20427 turns).

runemasterragnar the Warrior (Merfolk Gladiator)   Turns: 20427, Time: 00:47:12

Health: -1/142     AC:  7    Str: 22    XL:     15   Next: 59%
Magic:  24/24      EV: 14    Int:  6    God:    Xom [......]
Gold:   746        SH: 19    Dex: 16    Spells: 13/14 levels left

rFire   + + +        J - +1 broad axe (venom)
rCold   + + +        O - +5 Storm Queen's Shield {shock, Fly rElec}
rNeg    + + .        r - +2 leather armour {rPois}
rPois   +            i - +2 hat {Stlth+}
rElec   +            j - scarf "Forget-Me-Not" {+Inv, rN+ Will+ Stlth+}
rCorr   +            (no gloves)
SInv    .            (no boots)
Will    +++++        L - necklace of Bloodlust {Fury *Rage Will++ Int-3 Slay+6}
Stlth   ++++         E - ring of Lexty {Will+ rCorr Dex-5 Slay+4 Stlth+}
HPRegen 0.43/turn    s - ring "Xogg" {rF+ rC+ rN+ MP+9 Dex+3}
MPRegen 0.19/turn

%: clarity, resist mutation
@: flying
A: (nimble swimmer 2), mertail, antennae 1, agile 1, clarity, cold resistance 2,
fire resistance 2, mutation resistance 3, strong 1
a: Renounce Religion, Evoke Invisibility


You were on level 1 of the Elven Halls.
You worshipped Xom.
You were a very special plaything of Xom.
You visited 4 branches of the dungeon, and saw 21 of its levels.
You also visited: Bailey and Gauntlet.

You collected 2159 gold pieces.
You spent 1413 gold pieces at shops.

Inventory:

Hand Weapons
 a - a +1 trident of venom
 I - a +1 war axe of electrocution
 J - a +1 broad axe of venom (weapon)
Missiles
 d - 3 throwing nets (quivered)
 e - 9 javelins
 x - 16 poisoned darts
 C - 8 silver javelins
Armour
 i - a +2 hat of stealth (worn)
 j - the scarf "Forget-Me-Not" (worn) {+Inv, rN+ Will+ Stlth+}
   (You found it in a Gauntlet)

   rN+:       It protects you from negative energy.
   Will+:     It increases your willpower.
   Stlth+:    It makes you more stealthy.
 r - a +2 leather armour of poison resistance (worn)
 O - the +5 Storm Queen's Shield (worn) {shock, Fly rElec}
   (You bought it in a shop on level 9 of the Dungeon)

   Shock:     When it blocks an attack, it may electrocute the attacker.
   This works even against foes who are a short distance away.
   rElec:     It insulates you from electricity.
   Fly:       It grants you flight.
Jewellery
 c - a ring of poison resistance
 q - an amulet of magic regeneration
 s - the ring "Xogg" (right hand) {rF+ rC+ rN+ MP+9 Dex+3}
   (You acquired it on level 3 of the Dungeon)

   [ring of protection from cold]

   Dex+3:     It affects your dexterity (+3).
   rF+:       It protects you from fire.
   rC+:       It protects you from cold.
   rN+:       It protects you from negative energy.
   MP+9:      It affects your magic capacity (+9).
 E - the ring of Lexty (left hand) {Will+ rCorr Dex-5 Slay+4 Stlth+}
   (You found it in a Gauntlet)

   [ring of willpower]

   Dex-5:     It affects your dexterity (-5).
   Slay+4:    It affects your accuracy & damage with ranged weapons and melee
   (+4).
   Will+:     It increases your willpower.
   rCorr:     It protects you from acid and corrosion.
   Stlth+:    It makes you more stealthy.
 L - the necklace of Bloodlust (around neck) {Fury *Rage Will++ Int-3 Slay+6}
   (You bought it in a shop on level 2 of the Orcish Mines)

   [amulet of nothing]

   Fury:      It extends the wearer's berserk rage when killing foes.
   Int-3:     It affects your intelligence (-3).
   Slay+6:    It affects your accuracy & damage with ranged weapons and melee
   (+6).
   Will++:    It greatly increases your willpower.
   *Rage:     It berserks you when you make melee attacks (+50% chance).
Wands
 w - a wand of digging (2)
 y - a wand of iceblast (1)
 P - a wand of light (1)
 T - a wand of polymorph (5)
 U - a wand of paralysis (31)
 X - a wand of mindburst (20)
Scrolls
 g - a scroll of immolation
 l - 2 scrolls of revelation
 n - 5 scrolls of teleportation
 u - 10 scrolls of enchant weapon
 v - 4 scrolls of fog
 A - a scroll of blinking
 D - a scroll of amnesia
 F - a scroll of torment
 M - 5 scrolls of identify
 N - a scroll of silence
 W - 2 scrolls of poison
 Z - 2 scrolls of vulnerability
Potions
 b - 3 potions of mutation
 f - 8 potions of curing
 h - 2 potions of might {unknown}
 k - 3 potions of brilliance
 m - 2 potions of ambrosia
 p - 3 potions of haste
 t - 2 potions of enlightenment
 z - 4 potions of cancellation
 B - 4 potions of attraction
 R - 2 potions of resistance
Miscellaneous
 o - a box of beasts


   Skills:
 + Level 20.4 Fighting
 + Level 6.6(9.6) Axes
 - Level 16.2(17.4) Polearms
 - Level 3.5 Throwing
 - Level 5.6 Dodging
 + Level 16.0 Shields


You had 13 spell levels left.
You knew the following spells:

 Your Spells              Type           Power      Damage    Failure   Level
a - Apportation           Tloc           0%         N/A       65%         1

Your spell library contained the following spells:

 Spells                   Type           Power      Damage    Failure   Level
 Sandblast                Erth           0%         2d4       65%         1
 Cigotuvi's Dreadful Rot  Necr/Alch/Air  0%         N/A       78%         2
 Ensorcelled Hibernation  Hex/Ice        0%         N/A       78%         2
 Jinxbite                 Hex            0%         N/A       78%         2
 Dazzling Flash           Conj/Hex       0%         N/A       95%         3
 Frozen Ramparts          Ice            0%         1d1       95%         3
 Fugue of the Fallen      Necr           0%         N/A       95%         3
 Inner Flame              Hex/Fire       0%         N/A       95%         3
 Passwall                 Erth           0%         N/A       95%         3
 Stone Arrow              Conj/Erth      0%         3d7       95%         3
 Swiftness                Air            0%         N/A       95%         3
 Volatile Blastmotes      Fire/Tloc      0%         2d10      95%         3
 Anguish                  Hex/Necr       0%         N/A       100%        4
 Brom's Barrelling Bould  Conj/Erth      0%         2d3       100%        4
 Cause Fear               Hex            0%         N/A       100%        4
 Flame Wave               Conj/Fire      0%         2d4       100%        4
 Ignite Poison            Fire/Alch      0%         N/A       100%        4
 Leda's Liquefaction      Alch/Erth      0%         N/A       100%        4
 Manifold Assault         Tloc           0%         N/A       100%        4
 Petrify                  Alch/Erth      0%         N/A       100%        4
 Sticky Flame             Fire/Alch      0%         2d4       100%        4
 Summon Blazeheart Golem  Fire/Summ      0%         N/A       100%        4
 Alistair's Intoxication  Alch           0%         N/A       100%        5
 Fireball                 Conj/Fire      0%         3d3       100%        5
 Freezing Cloud           Conj/Ice/Air   0%         6-21      100%        5
 Iskenderun's Battlesphe  Conj           0%         2d6       100%        5
 Metabolic Englaciation   Hex/Ice        0%         N/A       100%        5
 Summon Forest            Summ/Tloc      0%         N/A       100%        5
 Conjure Ball Lightning   Conj/Air       0%         3x3d6     100%        6
 Dispersal                Tloc           0%         N/A       100%        6
 Eringya's Noxious Bog    Alch           0%         4d6       100%        6
 Starburst                Conj/Fire      0%         6d3       100%        6
 Orb of Destruction       Conj           0%         9d5       100%        7
 Spellforged Servitor     Conj/Summ      0%         N/A       100%        7
 Summon Hydra             Summ           0%         N/A       100%        7
 Disjunction              Tloc           0%         N/A       100%        8
 Maxwell's Capacitive Co  Air            0%         ∞         100%        8
 Dragon's Call            Summ           0%         N/A       100%        9


Dungeon Overview and Level Annotations

Branches:
Dungeon (14/15)            Temple (0/1) D:4            Lair (4/5) D:11
  Swamp (0/4) Lair:2       Spider (0/4) Lair:3          Orc (2/2) D:12
    Elf (1/3) Orc:2        Vaults (0/5) D:14         Bailey (visited)
Gauntlet (visited)
  Slime: Lair:4-5

Altars:
Ashenzari
Dithmenos
Fedhas
Gozag
Kikubaaqudgha
Okawaru
Qazlal
Uskayaw
Xom
The Shining One

Shops:
D:1 =   D:4 :   D:8 (   D:9 [   Orc:1 [?[   Orc:2 *=([!

Annotations:
D:6 Jeremiah


Innate Abilities, Weirdness & Mutations

((You are very nimble when in or above water. (Stealth+, EV+, Speed+++)))
Your lower body shifts to a powerful aquatic tail in water.
You have a pair of small antennae on your head.
You are agile. (Dex +4, Str/Int -1)
You possess an exceptional clarity of mind.
Your flesh is very cold resistant. (rC++)
Your flesh is very heat resistant. (rF++)
You are almost entirely resistant to further mutation and mutation removal.
Your muscles are strong. (Str +4, Int/Dex -1)


Message History

Your Shields skill increases to level 16!
Found 6 stones.
Found a potion of heal wounds.
Found 7 stones and a scale mail.
Found 16 gold pieces.
A deep elf knight comes into view. It is wielding a +0 short sword.
A deep elf knight is nearby!
The deep elf knight casts a spell at you.
The shard of ice hits you! You partially resist.
* * * LOW HITPOINT WARNING * * *
Found a stone staircase leading down.
The deep elf knight hits you with a +0 short sword.
* * * LOW HITPOINT WARNING * * *
The deep elf knight blocks your attack.
The deep elf knight gestures at you while chanting.
The shard of ice hits you!! You partially resist.
* * * LOW HITPOINT WARNING * * *
You slash the deep elf knight!
The deep elf knight is poisoned.
The deep elf knight is lightly wounded.
The deep elf knight barely misses you.
You feel much better.
The deep elf knight hits you with a +0 short sword!
* * * LOW HITPOINT WARNING * * *
The deep elf zephyrmancer points at you and mumbles some strange words.
The bolt of lightning misses you. The bolt of lightning hits you! You resist.
* * * LOW HITPOINT WARNING * * *
You hear a shout! x3
You feel much better.
The deep elf zephyrmancer gestures at you while chanting.
The bolt of lightning hits you! You resist.
* * * LOW HITPOINT WARNING * * *
The bolt of lightning hits you! You resist.
* * * LOW HITPOINT WARNING * * *
The deep elf knight points at you and mumbles some strange words.
The lance of force hits you!
* * * LOW HITPOINT WARNING * * *
You are knocked back by the lance of force.
You slam into the translucent rock wall!
You die...
Xom is highly amused!

#....=#......##..>.......
#..........## #..#..#....
*,, ,...##* #..#..#.... *,
, ... ###..........
****,,,,,,,####..#.e#....#*
,,, ,,,,,.......###.!...#.
,,,,, ,,,..####..#..#...#..
,, ,,*,#..######.#####.#.$
*,,, , ...#....@.# * .#*
,,,*,,*,##.#(####e# . ** ,*
*#.# ***#.# ,,,, ,,,,,,*,
,..# ,,,,,,,,,,,*, ,*... *
,*,, ,,, *,*, ###, ,,,,,,,,
, *,,, ... , ,* ,,,,, ***,*
>. , , ,*,,,,,,, *,* ,, ,


You could see a deep elf knight (very poisoned) and a deep elf zephyrmancer.

Vanquished Creatures
  An orc warlord (Orc:2)
  Nessos (Lair:4)
  Azrael (Orc:2)
  A minotaur (Gauntlet)
  A deep elf annihilator (Elf:1)
  A fire dragon (D:14)
  2 hydras
  5 centaur warriors
  An ogre mage (Orc:1)
  2 catoblepae
  A boulder beetle (D:13)
  8 two-headed ogres
  An orc high priest (Orc:2)
  A soul eater (D:12)
  2 deep elf knights (Elf:1)
  A skeletal warrior (D:13)
  A pharaoh ant (Lair:3)
  A skyshark (Lair:4)
  A death drake (Gauntlet)
  A deep troll (D:14)
  An arcanist (D:13)
  3 orc knights
  Pikel (D:8)
  2 ugly things
  4 deep elf pyromancers
  3 deep elf zephyrmancers (Elf:1)
  A necromancer (D:14)
  A cyclops (D:13)
  A worldbinder (Gauntlet)
  2 orc sorcerers (Orc:2)
  Maurice (D:12)
  5 manticores
  5 black mambas
  19 elephants
  2 kobold blastminers (Orc:2)
  4 meliai
  2 slime creatures (D:13)
  An eye of devastation (shapeshifter) (Elf:1)
  A gargoyle (D:12)
  6 cane toads
  A rime drake (Lair:4)
  2 unseen horrors
  5 komodo dragons
  A harpy zombie (Gauntlet)
  Psyche (D:11)
  8 trolls
  A hornet (D:9)
  15 blink frogs
  A blink frog (shapeshifter) (D:14)
  4 dream sheep (Lair:4)
  A jumping spider (Lair:3)
  2 wraiths
  A vampire (D:10)
  3 wyverns
  4 shadows
  54 yaks
  A yak (shapeshifter) (D:13)
  2 steam dragons
  5 basilisks
  5 wargs
  2 fire elementals (Orc:2)
  3 chaos spawn (Gauntlet)
  A neqoxec (Gauntlet)
  A redback (Lair:3)
  8 vampire mosquitoes (D:11)
  A swamp worm (Lair:2)
  10 water moccasins
  2 acid dragons
  2 hell hounds (Orc:2)
  31 orc warriors
  A sky beast (D:7)
  A hornet zombie (Gauntlet)
  An ice beast (D:7)
  22 ogres
  A boggart (Gauntlet)
  8 wolves
  A wolf (shapeshifter) (D:9)
  3 centaurs
  A lemure (D:8)
  A kobold brigand (D:8)
  4 scorpions
  8 bullfrogs
  2 gnoll sergeants
  8 wights
  2 electric eels (Lair:2)
  5 howler monkeys
  5 quasits (D:12)
  7 orc priests
  3 jellies
  2 bombardier beetles
  3 hounds
  2 gnoll boudas
  A sleepcap (D:6)
  2 iguanas
  22 orc wizards
  5 hell rats (Lair:1)
  2 ogre zombies (Orc:1)
  13 gnolls
  3 adders
  A shadow imp (D:6)
  2 white imps
  4 ufetubi
  4 dart slugs
  2 ribbon worms
  64 orcs
  5 bats
  5 endoplasms
  2 giant cockroaches (D:2)
  5 goblins
  A hobgoblin (D:1)
  11 jackals
  6 quokkas
  7 ball pythons
  2 frilled lizards
  4 goblin skeletons (D:4)
  A goblin zombie (D:4)
  2 hobgoblin zombies (D:4)
  19 kobolds
  A kobold skeleton (D:4)
  An orc zombie (D:4)
  4 rats
569 creatures vanquished.

Vanquished Creatures (collateral kills)
  Urug (Orc:2)
  An orc high priest (Orc:2)
  2 deep elf pyromancers (Elf:1)
  An orc sorcerer (Orc:2)
  3 yaks
  A wyvern (D:8)
  A warg (Orc:2)
  2 steam dragons
  A warg (shapeshifter) (Elf:1)
  2 orc warriors (Orc:2)
  An ogre (Orc:1)
  A howler monkey (D:8)
  An iguana (D:6)
  2 gnolls (D:8)
  An orc (D:5)
21 creatures vanquished.

Vanquished Creatures (others)
  A deep elf pyromancer (Elf:1)
  A water elemental (Elf:1)
  A vampire (D:13)
  A gnoll (D:12)
4 creatures vanquished.

Grand Total: 594 creatures vanquished

Notes
Turn   | Place    | Note
-------+----------+-------------------------------------------
     0 | D:1      | runemasterragnar the Merfolk Gladiator began the quest for
                  | the Orb.
     0 | D:1      | Reached XP level 1. HP: 16/16 MP: 1/1
    59 | D:1      | Reached XP level 2. HP: 23/23 MP: 2/2
   166 | D:1      | Reached XP level 3. HP: 24/28 MP: 3/3
   423 | D:1      | Found Torit's Jewellery Shoppe.
   433 | D:1      | Found a faded altar of an unknown god.
   476 | D:1      | Prayed at the altar of an unknown god.
   476 | D:1      | Became a worshipper of Xom of Chaos
   688 | D:2      | Reached skill level 5 in Polearms
   789 | D:2      | XOM: divination: detect creatures
   792 | D:2      | XOM: divination: detect creatures
  1012 | D:1      | Reached XP level 4. HP: 23/34 MP: 4/4
  1291 | D:2      | XOM: cloud trail
  1436 | D:2      | XOM is BORED!
  1436 | D:2      | XOM: noise
  1514 | D:2      | Reached skill level 3 in Fighting
  1698 | D:3      | XOM: enchant monster (good)
  1707 | D:3      | Reached XP level 5. HP: 36/41 MP: 5/5
  1894 | D:3      | XOM: god gift: fuming sapphire potion {god gift}
  1944 | D:3      | Identified a scroll of acquirement
  1944 | D:3      | Acquired the ring "Xogg" {rF+ rC+ rN+ MP+9 Dex+3}
  2069 | D:3      | Found an iron altar of Okawaru.
  2257 | D:3      | XOM is BORED!
  2424 | D:4      | Reached skill level 5 in Dodging
  2456 | D:4      | Found a staircase to the Ecumenical Temple.
  2490 | D:4      | Noticed an ogre
  2637 | D:4      | Reached XP level 6. HP: 41/47 MP: 6/6
  2667 | D:4      | Found Keaxt's Tremendous Tomes.
  2819 | D:4      | XOM: cloud trail
  2902 | D:4      | XOM: give mutation
  2902 | D:4      | Gained mutation: You expend magic power (3 MP) to
                  | strengthen your wands. [Xom's grace]
  2939 | D:4      | Found a glowing golden altar of the Shining One.
  2992 | D:4      | XOM: blink monster(s)
  2997 | D:4      | Reached skill level 4 in Fighting
  3100 | D:4      | XOM: give mutations
  3100 | D:4      | Gained mutation: Your spells are a little harder to cast,
                  | but a little more powerful. [Xom's grace]
  3100 | D:4      | Gained mutation: Your mind is acute. (Int +4, Str/Dex -1)
                  | [Xom's grace]
  3100 | D:4      | Gained mutation: You are strong-willed. (Will+) [Xom's
                  | grace]
  3301 | D:5      | Entered Level 5 of the Dungeon
  3341 | D:5      | Reached XP level 7. HP: 54/54 MP: 7/7
  3432 | D:5      | Reached skill level 1 in Shields
  3495 | D:5      | XOM: 2-stop teleportation journey
  3683 | D:5      | XOM: butterfly on damage
  3900 | D:5      | XOM: polymorph orc warrior -> ball python
  3942 | D:5      | XOM: summons 2 friendly demons
  4079 | D:5      | XOM: swap monsters
  4241 | D:5      | Found a blossoming altar of Fedhas.
  4241 | D:5      | Found a shadowy altar of Dithmenos.
  4308 | D:6      | XOM: swap monsters
  4314 | D:6      | Reached skill level 5 in Fighting
  4314 | D:6      | Reached XP level 8. HP: 56/62 MP: 8/8
  4626 | D:6      | Found an opulent altar of Gozag.
  4693 | D:6      | XOM: summons 4 friendly demons
  4807 | D:6      | Noticed Jeremiah
  4812 | D:6      | XOM: cloud trail
  4896 | D:7      | Reached skill level 10 in Polearms
  4986 | D:7      | XOM: cast spell 'Summon Small Mammal'
  4989 | D:7      | Lost mutation: You are strong-willed. (Will+) [potion of
                  | mutation]
  4989 | D:7      | Lost mutation: Your spells are a little harder to cast, but
                  | a little more powerful. [potion of mutation]
  4989 | D:7      | Lost mutation: You expend magic power (3 MP) to strengthen
                  | your wands. [potion of mutation]
  4989 | D:7      | Gained mutation: You are frail. (-10% HP) [potion of
                  | mutation]
  5081 | D:7      | XOM: enchant monster (good)
  5094 | D:7      | XOM: fake destruction
  5096 | D:7      | Reached skill level 6 in Fighting
  5101 | D:7      | XOM: summons friendly crimson imp
  5109 | D:7      | XOM: confuse monster(s)
  5139 | D:6      | XOM: cloud trail
  5200 | D:6      | XOM: divination: magic mapping
  5298 | D:5      | XOM: give mutation
  5298 | D:5      | Gained mutation: Your mind is very acute. (Int +8, Str/Dex
                  | -2) [Xom's grace]
  5480 | D:7      | XOM: potion effect (might)
  5483 | D:7      | Reached XP level 9. HP: 47/62 MP: 9/9
  5513 | D:7      | XOM: give mutations
  5513 | D:7      | Gained mutation: Your muscles are strong. (Str +4, Int/Dex
                  | -1) [Xom's grace]
  5513 | D:7      | Gained mutation: You have supernaturally acute eyesight.
                  | (SInv) [Xom's grace]
  5513 | D:7      | Gained mutation: You possess an exceptional clarity of
                  | mind. [Xom's grace]
  5513 | D:7      | Gained mutation: You are agile. (Dex +4, Str/Int -1) [Xom's
                  | grace]
  5913 | D:7      | Found a stormy altar of Qazlal.
  5913 | D:7      | XOM: 3-stop teleportation journey
  5966 | D:7      | XOM: summons friendly ufetubus
  6081 | D:7      | Lost mutation: You possess an exceptional clarity of mind.
                  | [potion of mutation]
  6081 | D:7      | Lost mutation: Your mind is very acute. (Int +8, Str/Dex
                  | -2) [potion of mutation]
  6081 | D:7      | Lost mutation: Your muscles are strong. (Str +4, Int/Dex
                  | -1) [potion of mutation]
  6081 | D:7      | Gained mutation: Your natural rate of healing is unusually
                  | fast. [potion of mutation]
  6081 | D:7      | Gained mutation: Your movements are slightly less
                  | encumbered by armour. (ER -2) [potion of mutation]
  6280 | D:7      | XOM: scenery: summon butterflies
  6329 | D:7      | XOM: divination: detect items
  6337 | D:8      | Found Duegicoz's Antique Weapon Shoppe.
  6391 | D:8      | Reached skill level 5 in Shields
  6392 | D:8      | Reached skill level 7 in Fighting
  6442 | D:8      | Reached XP level 10. HP: 72/72 MP: 10/10
  6688 | D:8      | XOM: give mutation
  6688 | D:8      | Gained mutation: You are somewhat resistant to further
                  | mutation. [Xom's grace]
  6860 | D:8      | Noticed Pikel
  6871 | D:8      | XOM: cleaving
  6876 | D:8      | Killed Pikel
  6877 | D:8      | Reached skill level 8 in Fighting
  7047 | D:8      | Found a broken altar of Ashenzari.
  7098 | D:9      | XOM: destruction
  7128 | D:9      | XOM: confuse monster(s)
  7133 | D:9      | Found a flagged portal.
  7145 | Bailey   | Entered a bailey
  7222 | Bailey   | XOM: cloud trail
  7276 | Bailey   | XOM: confuse monster(s)
  7334 | Bailey   | Noticed an orc knight
  7500 | Bailey   | XOM: summons friendly ufetubus
  7508 | Bailey   | XOM: fog
  7523 | Bailey   | Killed an orc knight
  7585 | Bailey   | XOM: scenery: summon butterflies
  7634 | D:9      | XOM: god gift: quarterstaff {god gift}
  7639 | D:9      | Found Enis's Armour Shoppe.
  7645 | D:9      | XOM: potion effect (brilliance)
  7653 | D:9      | XOM: polymorph yak -> acid dragon
  7654 | D:9      | XOM: cleaving
  7663 | D:9      | Reached skill level 9 in Fighting
  7663 | D:9      | Reached skill level 15 in Polearms
  7670 | D:9      | Reached XP level 11. HP: 44/80 MP: 11/11
  7748 | D:9      | XOM: cloud trail
  7770 | D:9      | Noticed a +0 spear
  7771 | D:9      | Noticed a +0 falchion
  7772 | D:9      | Noticed a +0 short sword
  7772 | D:9      | Noticed a +0 dagger
  7796 | D:9      | XOM: summons 6 friendly demons
  7903 | D:9      | XOM: polymorph steam dragon -> shapeshifter
  7904 | D:9      | XOM: enchant monster (good)
  7963 | D:9      | Noticed a +0 short sword
  7965 | D:9      | Noticed a +0 spear
  7966 | D:9      | Noticed a +0 falchion
  7966 | D:9      | Noticed a +0 dagger
  7978 | D:9      | Found a hide-covered altar of Uskayaw.
  8227 | D:9      | XOM: give mutation
  8227 | D:9      | Gained mutation: You are somewhat resistant to both further
                  | mutation and mutation removal. [Xom's grace]
  8333 | D:10     | Entered Level 10 of the Dungeon
  8475 | D:10     | Reached skill level 10 in Fighting
  8607 | D:10     | XOM: destruction
  8680 | D:9      | Bought the +5 Storm Queen's Shield {shock, Fly rElec} for
                  | 592 gold pieces
  8680 | D:9      | Found the +5 Storm Queen's Shield {shock, Fly rElec}
  8782 | D:10     | XOM: 3-stop teleportation journey
  8796 | D:10     | XOM: scenery: create altars
  8803 | D:10     | XOM: noise
  8912 | D:10     | Found a glowing golden altar of the Shining One.
  8912 | D:10     | Found a shimmering altar of Xom.
  8912 | D:10     | Found a blossoming altar of Fedhas.
  8912 | D:10     | Found an iron altar of Okawaru.
  8912 | D:10     | Found an ancient bone altar of Kikubaaqudgha.
  8912 | D:10     | Found a shimmering altar of Xom.
  8912 | D:10     | XOM: 3-stop teleportation journey
  9014 | D:10     | XOM: give mutation
  9014 | D:10     | Gained mutation: You have a pair of small antennae on your
                  | head. [Xom's grace]
  9141 | D:10     | XOM: give mutation
  9141 | D:10     | Gained mutation: You are almost entirely resistant to
                  | further mutation and mutation removal. [Xom's grace]
  9192 | D:10     | XOM: fake destruction
  9194 | D:10     | XOM: destruction
  9196 | D:10     | XOM: blink monster(s)
  9248 | D:11     | Found a staircase to the Lair.
  9291 | D:11     | Noticed a manticore
  9298 | D:11     | Killed a manticore
  9299 | D:11     | Reached skill level 11 in Fighting
  9335 | D:11     | Noticed a manticore
  9342 | D:11     | Killed a manticore
  9432 | D:11     | Noticed a four-headed hydra
  9493 | Lair:1   | Entered Level 1 of the Lair of Beasts
  9544 | Lair:1   | XOM: summons friendly crimson imp
  9554 | Lair:1   | Reached skill level 12 in Fighting
  9639 | Lair:1   | XOM: god gift: faintly glowing shortbow {god gift}
  9639 | Lair:1   | Identified the +4 shortbow of Xetaicad {chaos, rPois rF+
                  | Stlth+} (Xom gifted it to you on level 1 of the Lair of
                  | Beasts)
  9663 | Lair:1   | XOM: 1-stop teleportation journey
  9670 | Lair:1   | XOM: butterfly on damage
  9711 | Lair:1   | XOM: torment (46/86 hp)
  9726 | Lair:1   | XOM: enchant monster (bad)
  9728 | Lair:1   | XOM: silly message
  9730 | Lair:1   | XOM: fog
  9735 | Lair:1   | Reached XP level 12. HP: 37/92 MP: 12/12
  9743 | Lair:1   | Reached skill level 13 in Fighting
  9743 | Lair:1   | XOM: confuse monster(s)
  9999 | Lair:1   | Noticed a catoblepas
 10151 | D:11     | Reached skill level 10 in Shields
 10202 | D:11     | Killed a four-headed hydra
 10203 | D:11     | Reached skill level 14 in Fighting
 10415 | D:11     | Noticed Psyche
 10423 | D:11     | Killed Psyche
 10480 | D:11     | XOM: give mutations
 10480 | D:11     | Gained mutation: Your mind is very acute. (Int +8, Str/Dex
                  | -2) [Xom's grace]
 10480 | D:11     | Gained mutation: You are very agile. (Dex +8, Str/Int -2)
                  | [Xom's grace]
 10480 | D:11     | Lost mutation: You are frail. (-10% HP) [Xom's grace]
 10741 | D:12     | XOM: god gift: ring of protection from cold
 10794 | D:12     | XOM: cast spell 'Disjunction'
 10798 | D:12     | XOM: summons 3 friendly demons
 10847 | D:12     | Noticed a soul eater
 10849 | D:12     | XOM: destruction
 10865 | D:12     | XOM: summons 3 friendly demons
 10868 | D:12     | Killed a soul eater
 11044 | D:12     | Found a staircase to the Orcish Mines.
 11061 | D:12     | Noticed Maurice
 11068 | D:12     | Killed Maurice
 11069 | D:12     | Reached skill level 15 in Fighting
 11268 | D:12     | XOM: give mutations
 11268 | D:12     | Gained mutation: You possess an exceptional clarity of
                  | mind. [Xom's grace]
 11268 | D:12     | Gained mutation: You have a pair of antennae on your head.
                  | [Xom's grace]
 11370 | D:12     | XOM: enchant monster (good)
 11380 | D:12     | XOM: silly message
 11398 | D:12     | XOM: scenery: summon butterflies
 11762 | D:13     | XOM is BORED!
 11762 | D:13     | XOM: summons 2 hostile shadow creatures
 11763 | D:13     | Noticed a centaur warrior
 11765 | D:13     | XOM: smoke on damage
 12125 | Orc:1    | Entered Level 1 of the Orcish Mines
 12187 | Orc:1    | Found Beticim's Antique Armour Emporium.
 12228 | Orc:2    | Entered Level 2 of the Orcish Mines
 12344 | Orc:2    | Noticed Azrael
 12371 | Orc:2    | Noticed an orc high priest
 12371 | Orc:2    | Noticed an orc warlord
 12371 | Orc:2    | Noticed Urug
 12373 | Orc:2    | XOM: 2-stop teleportation journey
 12400 | Orc:2    | Killed Azrael
 12401 | Orc:2    | Reached skill level 16 in Fighting
 12526 | Orc:2    | Found Taasineh's Distillery.
 12543 | Orc:2    | XOM: swap monsters
 12738 | Orc:2    | XOM: blink monster(s)
 12746 | Orc:2    | XOM: divination: detect items
 12750 | Orc:2    | Noticed a soul eater
 12751 | Orc:2    | XOM: potion effect (attraction)
 12755 | Orc:2    | XOM: divination: magic mapping
 12757 | Orc:2    | XOM: silly message
 12773 | Orc:1    | Reached XP level 13. HP: 101/119 MP: 13/13
 12805 | Orc:1    | XOM: god gift: wand of paralysis (6)
 12819 | Orc:1    | Found Piballud's Magic Scroll Shoppe.
 12894 | Orc:1    | XOM: summons 3 friendly demons
 12895 | Orc:1    | Reached skill level 17 in Fighting
 12931 | Orc:1    | XOM: silly message
 12938 | Orc:1    | XOM: divination: magic mapping
 12952 | Orc:1    | XOM: enchant monster (bad)
 12953 | Orc:1    | XOM: cast spell 'Fugue of the Fallen'
 13022 | Orc:1    | XOM: potion effect (brilliance)
 13049 | Orc:1    | XOM: noise
 13243 | Orc:1    | Found Saleun's Antique Armour Shoppe.
 13369 | Orc:2    | XOM: cast spell 'Summon Mana Viper'
 13393 | Orc:2    | XOM: summons friendly chaos spawn
 13399 | Orc:2    | XOM: summons 13 friendly demons
 13406 | Orc:2    | Killed Urug
 13407 | Orc:2    | Reached skill level 18 in Fighting
 13420 | Orc:2    | XOM: scenery: summon butterflies
 13583 | Orc:2    | XOM: noise
 13620 | Orc:2    | XOM: potion effect (berserk rage)
 13627 | Orc:2    | XOM: silly message
 13628 | Orc:2    | XOM: potion effect (brilliance)
 13631 | Orc:2    | Killed an orc warlord
 13658 | Orc:2    | Found Junac's Antique Armour Emporium.
 13722 | Orc:2    | Bought a runed cloak for 187 gold pieces
 13774 | Orc:2    | XOM: smoke on damage
 13780 | Orc:2    | XOM: potion effect (invisibility)
 13843 | Orc:2    | XOM: potion effect (attraction)
 13848 | Orc:2    | XOM: potion effect (invisibility)
 13911 | Orc:2    | XOM: silly message
 13976 | Orc:2    | XOM: silly message
 13981 | Orc:2    | Found a staircase to the Elven Halls.
 14099 | Orc:2    | Found Odag's Antique Weapon Emporium.
 14122 | Orc:2    | Found Obbamoiwn's General Store.
 14133 | Orc:2    | XOM: silly message
 14152 | Orc:2    | Found Byedgh's Jewellery Emporium.
 14158 | Orc:2    | Bought the necklace of Bloodlust {Fury *Rage Will++ Int-3
                  | Slay+6} for 634 gold pieces
 14158 | Orc:2    | Found the necklace of Bloodlust {Fury *Rage Will++ Int-3
                  | Slay+6}
 14297 | D:13     | XOM: potion effect (brilliance)
 14445 | D:13     | XOM: potion effect (might)
 14450 | D:13     | Reached XP level 14. HP: 94/131 MP: 14/14
 14476 | D:13     | Identified the +4 flail of the Omega Point {drain, ^Contam
                  | rElec rCorr}
 14505 | D:13     | XOM: chaos upgrade
 14517 | D:13     | XOM: potion effect (haste)
 14518 | D:13     | XOM: 3-stop teleportation journey
 14531 | D:13     | XOM: scenery: summon butterflies
 14536 | D:13     | XOM: enchant monster (good)
 14752 | D:13     | XOM: torment (80/131 hp)
 14764 | D:13     | Reached skill level 1 in Axes
 15168 | D:13     | XOM: confuse monster(s)
 15229 | D:13     | Reached skill level 19 in Fighting
 15371 | D:13     | XOM: give mutation
 15371 | D:13     | Gained mutation: You passively dampen the noise of your
                  | surroundings. [Xom's grace]
 15490 | D:13     | XOM: give mutations
 15490 | D:13     | Gained mutation: Your flesh is cold resistant. (rC+) [Xom's
                  | grace]
 15490 | D:13     | Gained mutation: Your muscles are strong. (Str +4, Int/Dex
                  | -1) [Xom's grace]
 15490 | D:13     | Gained mutation: Your flesh is heat resistant. (rF+) [Xom's
                  | grace]
 15626 | D:13     | XOM: cloud trail
 15748 | D:14     | Found a gate to the Vaults.
 15822 | D:14     | Found a gate leading to a gauntlet.
 15835 | Gauntlet | Entered a Gauntlet
 15835 | Gauntlet | Found a transporter.
 15835 | Gauntlet | Found a transporter.
 15852 | Gauntlet | Found a transporter.
 15854 | Gauntlet | Found a transporter.
 15862 | Gauntlet | Found a transporter.
 15866 | Gauntlet | Found a transporter.
 15874 | Gauntlet | Found a transporter.
 15890 | Gauntlet | Found a transporter.
 15904 | Gauntlet | Found a transporter.
 15908 | Gauntlet | Found a transporter.
 15922 | Gauntlet | Found a transporter.
 15923 | Gauntlet | Found a transporter.
 15955 | Gauntlet | Learned a level 1 spell: Apportation
 15968 | Gauntlet | Identified the ring of Lexty {Will+ rCorr Dex-5 Slay+4
                  | Stlth+}
 15968 | Gauntlet | XOM: confuse monster(s)
 15998 | Gauntlet | XOM: cleaving
 16007 | Gauntlet | Identified the +0 pair of boots "Damnable Contraption"
                  | {*Slow +Inv Regen+ rCorr}
 16109 | Gauntlet | XOM: god gift: 33 gold pieces
 16154 | Gauntlet | Identified the ring "Lolovuox" {rCorr Int+3 Dex+3}
 16170 | Gauntlet | Identified the +9 shortbow of the Enfolding Fulmar {flame,
                  | rElec Int+3}
 16170 | Gauntlet | Identified the ring "Iseitej" {rC+ Int+3}
 16205 | Gauntlet | Identified the +0 robe of Gozag, Singing {Fly rF- Will+
                  | Int+2}
 16247 | Gauntlet | Identified the scarf "Forget-Me-Not" {+Inv, rN+ Will+
                  | Stlth+}
 16439 | D:14     | XOM: scenery: create altars
 16712 | D:14     | XOM: draining
 17250 | Lair:2   | XOM: swap monsters
 17427 | Lair:2   | Found a staircase to the Swamp.
 17448 | Lair:2   | XOM: give mutations
 17448 | Lair:2   | Lost mutation: You have a pair of antennae on your head.
                  | [Xom's mischief]
 17448 | Lair:2   | Lost mutation: You are very agile. (Dex +8, Str/Int -2)
                  | [Xom's mischief]
 17509 | Lair:2   | XOM: god gift: stone
 17517 | Lair:2   | Reached skill level 15 in Shields
 17555 | Lair:2   | XOM: give mutations
 17555 | Lair:2   | Gained mutation: Your flesh is very heat resistant. (rF++)
                  | [Xom's grace]
 17555 | Lair:2   | Gained mutation: You are partially covered in large bone
                  | plates. (SH +4) [Xom's grace]
 17555 | Lair:2   | Gained mutation: Your flesh is very cold resistant. (rC++)
                  | [Xom's grace]
 17555 | Lair:2   | Gained mutation: You passively map a small area around you.
                  | [Xom's grace]
 17582 | Lair:2   | XOM is BORED!
 17582 | Lair:2   | XOM: give mutation
 17582 | Lair:2   | Lost mutation: You passively dampen the noise of your
                  | surroundings. [Xom's mischief]
 17902 | Lair:2   | XOM: divination: magic mapping
 17914 | Lair:2   | XOM: divination: detect items
 18078 | Lair:3   | XOM: fake destruction
 18151 | Lair:3   | Found a hole to the Spider Nest.
 18165 | Lair:3   | XOM: god gift: runed scimitar {god gift}
 18221 | Lair:3   | XOM: smoke on damage
 18303 | Lair:3   | XOM: destruction
 18313 | Lair:3   | Reached skill level 5 in Axes
 18313 | Lair:3   | Reached XP level 15. HP: 114/141 MP: 15/15
 18359 | Lair:3   | XOM: 1-stop teleportation journey
 18396 | Lair:3   | XOM: god gift: potion of heal wounds
 18582 | Lair:3   | XOM: god gift: 24 gold pieces
 18832 | Lair:3   | XOM is BORED!
 19003 | Lair:4   | Noticed Nessos
 19013 | Lair:4   | Reached skill level 20 in Fighting
 19031 | Lair:4   | XOM: enchant monster (bad)
 19105 | Lair:4   | XOM: enchant monster (bad)
 19108 | Lair:4   | XOM: cleaving
 19305 | Lair:4   | Killed Nessos
 19332 | Lair:4   | XOM: cast spell 'Leda's Liquefaction'
 19383 | Lair:4   | XOM: noise
 19516 | Lair:4   | XOM: give mutations
 19516 | Lair:4   | Lost mutation: You are partially covered in large bone
                  | plates. (SH +4) [Xom's mischief]
 19516 | Lair:4   | Lost mutation: Your movements are slightly less encumbered
                  | by armour. (ER -2) [Xom's mischief]
 19516 | Lair:4   | Lost mutation: Your natural rate of healing is unusually
                  | fast. [Xom's mischief]
 19687 | Lair:4   | XOM: give mutations
 19687 | Lair:4   | Lost mutation: You have supernaturally acute eyesight.
                  | (SInv) [Xom's mischief]
 19687 | Lair:4   | Lost mutation: Your mind is very acute. (Int +8, Str/Dex
                  | -2) [Xom's mischief]
 19687 | Lair:4   | Lost mutation: You passively map a small area around you.
                  | [Xom's mischief]
 19989 | Orc:1    | XOM: give mutation
 19989 | Orc:1    | Lost mutation: Your mind is acute. (Int +4, Str/Dex -1)
                  | [Xom's mischief]
 20035 | Elf:1    | Entered Level 1 of the Elven Halls
 20042 | Elf:1    | XOM: enchant monster (good)
 20049 | Elf:1    | XOM: scenery: 3 fountains blood, 1 doors close
 20053 | Elf:1    | XOM: polymorph something unseen -> meliai
 20061 | Elf:1    | XOM: scenery: 1 doors open, 1 doors close
 20386 | Elf:1    | XOM: scenery: 1 fountains blood, 1 doors open, 1 doors
                  | close
 20387 | Elf:1    | XOM: enchant monster (bad)
 20393 | Elf:1    | XOM: 1-stop teleportation journey
 20397 | Elf:1    | XOM: divination: magic mapping
 20399 | Elf:1    | Paralysed by an air elemental for 1 turns
 20403 | Elf:1    | Noticed a deep elf sorcerer
 20403 | Elf:1    | XOM: 3-stop teleportation journey
 20426 | Elf:1    | HP: 6/142 [deep elf zephyrmancer/bolt of lightning (11)]
 20427 | Elf:1    | Collided with a translucent rock wall

Illustrated notes

Levels and vault maps discovered:
D:1:      saegor_arrival_simple_c, layout_rooms, serial_shops,
          nicolae_shop_just_a_little_nook, ebering_ecumenical_altar_mist
D:2:      layout_rooms
D:3:      layout_loops_ring, lemuel_doored_altar, kennysheep_generic_room_2
D:4:      layout_rooms, nicolae_tso_besieged_by_evil, minmay_temple_entry_wispy,
          nicolae_shop_i_like_big_books, minmay_misc_feat_enclosed,
          kennysheep_pointless_box
D:5:      layout_cave_pools, gammafunk_temple_overflow_wave
D:6:      layout_rooms, nicolae_gozag_cash_rules_everything_around_me,
          uniq_jeremiah
D:7:      layout_basic, nicolae_qazlal_scattered_showers
D:8:      layout_basic, kennysheep_mini, serial_shops, shop,
          serial_library_hellmonk_open_cross, uniq_pikel
D:9:      layout_long_grid, nicolae_uskayaw_en_pointe, serial_shops,
          nicolae_shop_tiny_statue_garden, enter_bailey_2
D:10:     layout_long_grid, doesnt_xom_only_xom, nzn_life_drinkers
D:11:     layout_basic, lair_entry_dummy, uniq_psyche
D:12:     layout_basic, orc_0_dummy, serial_demonic, serial_demonic_f,
          serial_demonic_b, serial_demonic_c, serial_demonic_f,
          serial_demonic_d, serial_demonic_b, uniq_maurice
D:13:     minmay_chambers_of_sevens, layout_basic
D:14:     layout_layer_cave, david_vaults_4, gauntlet_entry_generic
Lair:1:   layout_big_grid
Lair:2:   layout_roguey, nicolae_swamp_entry_splash_gauntlet
Lair:3:   layout_chaotic_city, nicolae_spider_entry_lesser_pyramids,
          serial_rivers, chequers_serial_rivers_room_a,
          chequers_serial_rivers_large_b, chequers_serial_rivers_small_b,
          chequers_serial_rivers_micro_d, chequers_serial_rivers_large_a,
          chequers_serial_rivers_micro_d
Lair:4:   layout_gridlike, serial_bayou_crossing, lemuel_fruit_tree, uniq_nessos
Orc:1:    lemuel_ogre_cave, layout_diamond_mine, serial_shops,
          nicolae_shop_tiny_waterfront, shop, shop
Orc:2:    grunt_orc_cross, layout_caves, serial_shops, nicolae_shop_statue_plus,
          basic_altar, uniq_azrael
Elf:1:    minmay_elf_arrival_plus, layout_loops_cross, basic_altar,
          minmay_elf_sorcery

Skill      XL: |  1  2  3  4  5  6  7  8  9 10 11 12 13 14 15 |
---------------+----------------------------------------------+-----
Polearms       | 5 6 7 8 10 12 15 16 | 16.2
Fighting       | 3 4 5 6 7 9 12 16 18 19 20 | 20.4
Throwing       | 3 |  3.5
Dodging        | 5 |  5.6
Shields        | 2 4 5 7 9 11 13 15 16 | 16.0
Axes           | 5 6 |  6.6

Action                     |  1- 3 |  4- 6 |  7- 9 | 10-12 | 13-15 || total
---------------------------+-------+-------+-------+-------+-------++-------
  Melee: Trident           |   136 |   139 |   251 |   749 |   508 ||  1783
         Punch             |     1 |       |       |       |       ||     1
         Unarmed           |       |       |    14 |       |       ||    14
         Tailslap          |       |       |       |     8 |       ||     8
         Broad axe         |       |       |       |       |   252 ||   252
         War axe           |       |       |       |       |     2 ||     2
  Throw: Dart              |       |     2 |     2 |    10 |     7 ||    21
         Throwing net      |       |       |       |       |     2 ||     2
  Evoke: Wand              |       |     1 |     6 |    11 |     2 ||    20
    Use: Scroll            |       |    13 |     6 |    11 |     7 ||    37
         Potion            |       |     1 |     3 |       |     7 ||    11
   Stab: Sleeping          |       |     2 |     1 |     6 |    20 ||    29
         Confused          |       |       |     1 |     8 |     2 ||    11
         Distracted        |       |       |       |     2 |     1 ||     3
         Invisible         |       |       |       |       |    13 ||    13
         Petrified         |       |       |       |       |     9 ||     9
         Held in net/web   |       |       |       |       |     2 ||     2
 Armour: Leather armour    |    62 |    29 |    74 |   195 |   180 ||   540
         Ring mail         |       |    17 |    61 |       |       ||    78
         Skin              |       |       |    16 |       |       ||    16
         Steam dragon scal |       |       |       |       |    66 ||    66
  Dodge: Dodged            |   114 |    58 |    75 |   185 |   217 ||   649
  Block: Kite shield       |       |     1 |    98 |   426 |   611 ||  1136
